 Dungeon Sprint DCSS version 0.21.1-1-g345015f (webtiles) character file.

14 Psiloshibe the Carver (level 6, -3/60 HPs)
             Began as a Barachi Berserker on June 10, 2018.
             Was a Priest of Trog.
             Splashed by a jelly's acid (5 damage)
             ... in the Dungeon (Sprint VI: "Thunderdome").
             The game lasted 00:02:23 (206 turns).

Psiloshibe the Carver (Barachi Berserker)            Turns: 206, Time: 00:02:25

Health: -3/60      AC: -1    Str: 20    XL:     6   Next: 25%
Magic:  6/6        EV: 14    Int:  7    God:    Trog [***...]
Gold:   40         SH:  0    Dex: 12    Spells: 5/5 levels left

rFire    . . .     SeeInvis +   a - +0 falchion
rCold    + . .     Gourm    .   (no shield)
rNeg     + . .     Faith    .   b - +0 animal skin
rPois    .         Spirit   .   (no helmet)
rElec    .         Reflect  .   (no cloak)
rCorr    .         Harm     .   (no gloves)
MR       .....     NoTele   +   (no boots)
Stlth    ++........             (no amulet)
HPRegen  0.20/turn              n - ring of Kataun Hampi {rC+ SInv Stlth+}
MPRegen  0.10/turn              p - ring of Bisifa Apna {rN+ SInv}

@: corroded, slow
A: +LOS, swims, slowness 1, strong legs 1
a: Hop, Berserk, Trog's Hand, Burn Spellbooks, Renounce Religion


You were in the Dungeon.
You worshipped Trog.
Trog was most pleased with you.
You were not hungry.

You visited 1 branch You collected 220 gold pieces.
You spent 180 gold pieces at shops.

Inventory:

Hand Weapons
 a - a +0 falchion (weapon)
Armour
 b - a +0 animal skin (worn)
Jewellery
 n - the ring of Kataun Hampi (left hand) {rC+ SInv Stlth+}
   (You bought it in a shop in the Dungeon)

   [ring of stealth]

   It protects you from cold.
   It lets you see invisible.
   It makes you more stealthy.
 o - the ring of Day {MR+ Dex+2}
   (You bought it in a shop in the Dungeon)

   [ring of protection from magic]

   It affects your dexterity (+2).
   It affects your resistance to hostile enchantments.
 p - the ring of Bisifa Apna (right hand) {rN+ SInv}
   (You bought it in a shop in the Dungeon)

   [ring of positive energy]

   It protects you from negative energy.
   It lets you see invisible.
Wands
 k - a wand of acid (5)
 l - a wand of iceblast (5)
Scrolls
 i - 4 scrolls of blinking
 m - 3 scrolls of fog
Potions
 d - a potion of curing
 e - 4 potions of heal wounds
 f - 4 potions of haste
 g - 2 potions of magic
 h - a potion of berserk rage
 j - 2 potions of resistance
Comestibles
 c - a ration
 q - 6 chunks of flesh


   Skills:
 + Level 9.6 Fighting
 + Level 9.8 Long Blades
 * Level 2.2 Throwing
 + Level 5.2 Armour
 + Level 5.4 Dodging


You had 5 spell levels left.
You didn't know any spells.

Dungeon Overview and Level Annotations

Branches:
Dungeon (1/1)

Altars:
Cheibriados
Dithmenos
Fedhas
Gozag
Kikubaaqudgha
Makhleb
Okawaru
Qazlal
Ru
Sif Muna
Trog
Uskayaw
Vehumet
Wu Jian
Xom
Yredelemnul
Zin
The Shining One
Beogh
Jiyva
Lugonu

Shops:
D *[%??*?*:[((!!!!


Innate Abilities, Weirdness & Mutations

Shadows flee at your approach. (+LOS)
You can swim through water.
You cover ground slowly.
You can hop short distances.


Message History

The jelly is heavily wounded.
You hit the jelly. The acid corrodes you!
Your hands burn!
The jelly is heavily wounded.
The jelly hits you.
You are splashed with acid!
The acid burns!
* * * LOW HITPOINT WARNING * * *
You hit the jelly but do no damage.
Your hands burn!
* * * LOW HITPOINT WARNING * * *
The jelly is heavily wounded.
The jelly closely misses you.
You riposte.
You hit the jelly but do no damage.
The jelly is heavily wounded.
You slash the jelly!
Your hands burn!
* * * LOW HITPOINT WARNING * * *
The jelly is almost dead.
You hit the jelly.
Your hands burn!
* * * LOW HITPOINT WARNING * * *
The jelly is almost dead.
The jelly hits you.
* * * LOW HITPOINT WARNING * * *
You are splashed with acid!
The acid burns!
You die...

#⌠..........###...###..........⌠
#⌠...%......# #.<.# #..........⌠
#⌠..........###...###..).......⌠
##.....[.......###.............#
###∩........8.# #.8........∩###
##∩___......###......_._∩##
######.8.........8.######
#⌠...........⌠# ###...@.....###
#_..J...._# #_......._#
#........_# #∩.(.....∩#
##∩(....∩## ##.....## ##⌠§⌠##
#####


You could see a jelly.

Vanquished Creatures
  Sigmund (D)
  A crimson imp (D)
  2 jellies (D)
  A worker ant (D)
  2 oozes (D)
  An orc (D)
  2 kobolds (D)
10 creatures vanquished.

Notes
Turn   | Place    | Note
-------+----------+-------------------------------------------
     0 | D        | Psiloshibe the Barachi Berserker began the quest for the Orb.
     0 | D        | Reached XP level 1. HP: 18/18 MP: 1/1
     0 | D        | Found a roughly hewn altar of Beogh.
     0 | D        | Found a corrupted altar of Lugonu.
     3 | D        | Found an iron altar of Okawaru.
     3 | D        | Found a shimmering altar of Xom.
     4 | D        | Found an opulent altar of Gozag.
     4 | D        | Found a hide-covered altar of Uskayaw.
     5 | D        | Found a deep blue altar of Sif Muna.
     5 | D        | Found a stormy altar of Qazlal.
     5 | D        | Round 1.
     6 | D        | Found Healaur's Delicious Food.
     6 | D        | Found a shadowy altar of Dithmenos.
     6 | D        | Found Daisk's Identification Station.
     6 | D        | Found a radiant altar of Vehumet.
     7 | D        | Found Ugetod's Jewellery.
     7 | D        | Found Vuazame's Advanced Armour.
     7 | D        | Found a viscous altar of Jiyva.
     7 | D        | Found a basalt altar of Yredelemnul.
     7 | D        | Found a blossoming altar of Fedhas.
    13 | D        | Noticed a crimson imp
    17 | D        | Bought a shimmering wooden ring for 45 gold pieces
    17 | D        | Bought a warped lapis lazuli ring for 45 gold pieces
    17 | D        | Bought a shimmering zirconium amulet for 45 gold pieces
    17 | D        | Identified the ring of Kataun Hampi {rC+ SInv Stlth+} (You bought it in a shop in the Dungeon)
    18 | D        | Identified the ring of Day {MR+ Dex+2} (You bought it in a shop in the Dungeon)
    19 | D        | Identified the amulet "Veneniaf" {Spirit Fragile rF+ rN+++ MR-} (You bought it in a shop in the Dungeon)
    21 | D        | Bought a faintly glowing turquoise ring for 45 gold pieces
    27 | D        | Noticed Sigmund
    28 | D        | Killed a crimson imp
    28 | D        | Reached skill level 5 in Fighting
    28 | D        | Reached skill level 5 in Long Blades
    28 | D        | Reached XP level 2. HP: 19/28 MP: 0/2
    28 | D        | Reached XP level 3. HP: 24/34 MP: 0/3
    39 | D        | Killed Sigmund
    39 | D        | Reached ** piety under Trog
    39 | D        | Reached XP level 4. HP: 45/45 MP: 1/4
    39 | D        | Reached XP level 5. HP: 51/51 MP: 1/5
    45 | D        | Reached skill level 1 in Throwing
    45 | D        | Reached skill level 5 in Dodging
    70 | D        | Found Dirphoap's Magic Scroll Shop.
    71 | D        | Found Rupueg's Staff Store.
    72 | D        | Found Qijess's Magic Scroll Shop.
    72 | D        | Found Plog's Must-Have Magic.
    77 | D        | Found a bloodstained altar of Trog.
    78 | D        | Found an ancient bone altar of Kikubaaqudgha.
    79 | D        | Found a burning altar of Makhleb.
    80 | D        | Found Reigoaha's Distillery.
    81 | D        | Found Paron's Distillery.
    81 | D        | Found Tuzej's Bottled Wisdom.
    82 | D        | Found a glowing silver altar of Zin.
    82 | D        | Found a snail-covered altar of Cheibriados.
    82 | D        | Found Adoidun's Do-It-Yourself Clinic.
    90 | D        | Reached *** piety under Trog
    90 | D        | Arena points: 14 (+14) [x2]
    94 | D        | Found an ornate altar of the Wu Jian Council.
    96 | D        | Found a sacrificial altar of Ru.
    97 | D        | Found a glowing golden altar of the Shining One.
    97 | D        | Found Xecuag's Weapon Rack.
    97 | D        | Found Gan Geso's Premium Goods.
    98 | D        | Found Linwu's Basic Armour.
    98 | D        | Found Neneluto's Miscellaneous Merchandise.
   114 | D        | Round 2.
   116 | D        | Identified the ring of Bisifa Apna {rN+ SInv} (You bought it in a shop in the Dungeon)
   137 | D        | Reached skill level 5 in Armour
   137 | D        | Reached XP level 6. HP: 41/58 MP: 6/6
   170 | D        | Received a gift from Trog
   206 | D        | HP: 2/60 [jelly (2)]
   206 | D        | Splashed by a jelly's acid

Skill      XL: |  1  2  3  4  5  6 |
---------------+-------------------+-----
Fighting       | 5 8 9 |  9.6
Long Blades    | 5 9 |  9.8
Armour         | 3 4 5 |  5.2
Dodging        | 3 4 5 |  5.4
Throwing       | 1 2 |  2.2

Action                   |  1- 3 |  4- 6 || total
-------------------------+-------+-------++-------
Melee: Falchion          |    14 |    32 ||    46
Throw: Javelin           |       |     2 ||     2
Invok: Berserk           |     1 |       ||     1
       Trog's Hand       |       |     1 ||     1
Armor: Animal skin       |     3 |       ||     3
Dodge: Dodged            |     7 |    16 ||    23
       Rpst.: Falchion   |     1 |     3 ||     4
